 Dungeon Crawl Stone Soup version 0.30-a0-748-ge6a52f7cba (webtiles) character file.

Game seed: 7437322630493461650

14879 Newt the Cleaver (level 11, -2/99 HPs)
             Began as a Demonspawn Gladiator on Feb 8, 2023.
             Was the Champion of Jiyva.
             Slain by a cyan ugly thing (13 damage)
             ... on level 12 of the Dungeon.
             The game lasted 00:10:20 (8402 turns).

Newt the Cleaver (Demonspawn Gladiator)             Turns: 8402, Time: 00:10:21

Health: -2/99      AC: 14    Str: 19    XL:     11   Next: 94%
Magic:  20/20      EV: 14    Int: 10    God:    Jiyva [******]
Gold:   721        SH:  4    Dex: 14    Spells: 20/22 levels left

rFire   . . .      SeeInvis .    B - +11 war axe of the Toothy God {protect, rN++}
rCold   + + +      Faith    +    (no shield)
rNeg    + + .      Spirit   .    I - +0 troll leather armour
rPois   .          Reflect  .    (helmet restricted)
rElec   .          Harm     +    x - scarf {harm}
rCorr   +          Rampage  .    (no gloves)
Will    .....      Clarity  +    (no boots)
Stlth   +                        i - amulet of faith
HPRegen 2.76/turn                s - ring of wizardry
MPRegen 0.67/turn                G - ring of protection from cold

@: lethally poisoned (-2 -> -3), wereblooded, under a protective aura, slowed,
very slow
A: antennae 2, hooves 1, demonic guardian 1, foul stench 1, weakness stinger 1,
large bone plates 1, clarity, cold resistance 3, mutation resistance 1, robust
1, gelatinous body 2
a: Renounce Religion, Oozemancy, Slimify


You were on level 12 of the Dungeon.
You worshipped Jiyva.
Jiyva was exalted by your worship.
You visited 1 branch of the dungeon, and saw 12 of its levels.
You also visited: Sewer and Ossuary.

You collected 721 gold pieces.

Inventory:

Hand Weapons
 a - a +0 rapier
 n - a +0 short sword of electrocution
 y - a +5 war axe
 B - the +11 war axe of the Toothy God (weapon) {protect, rN++}
   (You acquired it on level 7 of the Dungeon)

   rN:        It greatly protects you from negative energy.
Missiles
 d - 3 throwing nets
 e - a javelin
 j - 11 poisoned darts
Armour
 b - a +0 leather armour
 c - a +0 helmet
 x - a scarf of harm (worn)
 E - +0 steam dragon scales
 H - the +0 plate armour of Submission {Int+2}
   (You found it on level 9 of the Dungeon)

   Int:       It affects your intelligence (+2).
 I - a +0 troll leather armour (worn)
Jewellery
 i - an amulet of faith (around neck)
 s - a ring of wizardry (left hand)
 w - a ring of fire
 G - a ring of protection from cold (right hand)
Wands
 u - a wand of acid (7)
 D - a wand of flame (5)
 F - a wand of paralysis (2)
 L - a wand of roots (6)
Scrolls
 o - 4 scrolls of teleportation
Potions
 f - a potion of resistance
 g - a potion of degeneration
 h - 5 potions of lignification
 k - 3 potions of flight
 l - 2 potions of might
 m - 2 potions of invisibility
 p - 2 potions of cancellation
 q - 3 potions of curing
 r - a potion of heal wounds {unknown}
 t - 3 potions of haste
 v - a potion of experience {unknown}
 z - 2 potions of brilliance {unknown}
 A - 2 potions of magic {unknown}
 C - 3 potions of attraction {unknown}
 K - a potion of ambrosia {unknown}
Miscellaneous
 J - a lightning rod (4/4)


   Skills:
 - Level 10.0 Fighting
 - Level 2.6 Short Blades
 - Level 10.0 Axes
 - Level 1.7 Throwing
 + Level 6.6 Armour
 - Level 2.6 Dodging
 - Level 6.1 Spellcasting
 - Level 6.1 Transmutations
 - Level 5.0 Evocations


You had 20 spell levels left.
You knew the following spells:

 Your Spells              Type           Power      Damage    Failure   Level
a - Wereblood             Tmut           15%        N/A       1%          2

Your spell library contained the following spells:

 Spells                   Type           Power      Damage    Failure   Level
 Shock                    Conj/Air       12%        1d3       10%         1
 Ignite Poison            Fire/Tmut/Pois 7%         N/A       12%         3
 Blink                    Tloc           6%         N/A       14%         2
 Lesser Beckoning         Tloc           6%         N/A       14%         2
 Momentum Strike          Conj/Tloc      6%         3d8       14%         2
 Sublimation of Blood     Necr           3%         N/A       14%         2
 Kindle Blastsparks       Fire/Tloc/Air  6%         2d10      26%         3
 Swiftness                Air            3%         N/A       26%         3
 Airstrike                Air            1%         2d(1-17)  65%         4
 Freezing Cloud           Conj/Ice/Air   1%         6-21      92%         5
 Summon Hydra             Summ           1%         N/A       100%        7


Dungeon Overview and Level Annotations

Branches:
Dungeon (12/15)            Temple (0/1) D:7            Lair (0/5) D:11
    Orc (0/2) D:9           Sewer (visited)         Ossuary (visited)

Altars:
Cheibriados
Dithmenos
Gozag
Makhleb
Qazlal
Wu Jian
Yredelemnul
Jiyva

Shops:
D:8 (

Annotations:
D:4 2 transporters


Innate Abilities, Weirdness & Mutations

You have a pair of antennae on your head.
You have large cloven feet.
A weak demonic guardian rushes to your aid.
You may rarely emit foul miasma when damaged in melee.
You have a small tail.
You are partially covered in large bone plates. (SH +4)
You possess an exceptional clarity of mind.
Your flesh is almost immune to the effects of cold. (rC+++)
You are somewhat resistant to further mutation.
You are robust. (+10% HP)
Your pliable body absorbs attacks. (AC +2, EV +2)


Message History

The ufetubus misses you. The ufetubus closely misses you.
The ice devil misses you.
The kobold demonologist gestures wildly while chanting.
The kobold brigand hits your shadow imp with a +0 dagger.
The kobold demonologist miscasts a cantrip.
You completely miss the ufetubus. Your kick misses the ufetubus.
Your punch misses the ufetubus.
You completely miss the cyan ugly thing.
You closely miss the ice devil.
You feel very sick. The ufetubus misses you. The ufetubus closely misses you.
The cyan ugly thing gores you. The cyan ugly thing shocks you!
You emit a cloud of foul miasma!
The ynoxinul gestures.
Your shadow imp barely misses the kobold brigand.
The ice devil closely misses you.
The kobold brigand hits your shadow imp with a +0 dagger.
You block the ufetubus's attack. The ufetubus barely misses you.
You completely miss the cyan ugly thing.
You punch the cyan ugly thing.
The cyan ugly thing is moderately wounded.
You hit the ufetubus. You slash the ice devil!
You feel very sick. The ufetubus barely misses you. x2
The cyan ugly thing is engulfed in dark miasma.
The cyan ugly thing is poisoned.
The cyan ugly thing seems to slow down.
The cyan ugly thing gores you! The cyan ugly thing shocks you!
* * * LOW HITPOINT WARNING * * *
Your shadow imp closely misses the kobold brigand.
The kobold brigand hits your shadow imp with a +0 dagger.
Your shadow imp dies!
Your shadow imp disappears in a puff of smoke!
The ice devil hits you.
* * * LOW HITPOINT WARNING * * *
The ice devil freezes you. You resist.
* * * LOW HITPOINT WARNING * * *
The ufetubus barely misses you. x2
The cyan ugly thing is engulfed in dark miasma.
The cyan ugly thing looks even sicker.
The cyan ugly thing gores you!
You die...

#.......# ######..####
#..........# #..........#
#..........# #..........#
#.<........#
#.....##################
#...............@u45....
#..............ยง545K....
#..............5K3K5....
#.................5.5...
#.......................
#.......................
#.......................
#...<...................


You could see a cyan ugly thing (very poisoned, slow), an ice devil (summoned),
2 kobold demonologists, a ynoxinul (summoned), a chaos spawn (summoned), a
kobold brigand, 2 white imps and 5 ufetubi.

Vanquished Creatures
  5 two-headed ogres
  Pikel (D:9)
  A cyclops (D:11)
  Joseph (D:8)
  4 trolls
  Prince Ribbit (D:7)
  3 wraiths
  A vampire (D:10)
  16 yaks
  2 wyverns
  Grum (D:9)
  4 vampire mosquitoes (D:11)
  A steam dragon (D:8)
  6 water moccasins
  A sky beast (D:8)
  4 orc warriors
  An ice beast (D:6)
  A black bear (D:6)
  2 wolves (D:9)
  An ogre (D:6)
  2 centaurs (D:11)
  A lemure (D:9)
  4 phantoms
  3 kobold brigands
  8 bullfrogs
  A gnoll sergeant (D:7)
  3 scorpions
  6 wights
  12 killer bees
  2 howler monkeys
  3 orc priests
  A gnoll bouda (D:7)
  3 hounds
  An iguana (D:5)
  3 hell rats (D:7)
  5 orc wizards
  8 mummies (Ossuary)
  3 adders
  9 gnolls (D:7)
  5 river rats (D:7)
  A shadow imp (D:8)
  A white imp (D:6)
  A worm (D:3)
  4 dart slugs
  28 orcs
  7 bats
  3 endoplasms (D:1)
  2 giant cockroaches
  3 goblins
  8 hobgoblins
  6 jackals
  13 kobolds
  7 quokkas
  2 ball pythons
  3 frilled lizards
  2 hobgoblin zombies (Ossuary)
  4 kobold zombies (Ossuary)
  2 orc zombies (Ossuary)
  11 rats
248 creatures vanquished.

Vanquished Creatures (collateral kills)
  Gastronok (D:8)
  An ogre (D:5)
  A wight (D:7)
  A gnoll bouda (D:7)
  2 orc priests (D:5)
  A gnoll (D:7)
7 creatures vanquished.

Vanquished Creatures (others)
  A shadow (D:11)
  A wyvern (D:9)
  An orc warrior (D:8)
  A black bear (D:6)
  A centaur (D:6)
  A necrophage (D:6)
  A hound (D:5)
  11 jellies
  3 iguanas
  An orc wizard (D:3)
  3 adders
  5 orcs
  5 kobolds
  2 quokkas (D:7)
  2 bats (D:3)
  3 goblins
  4 rats (D:7)
  30 plants
76 creatures vanquished.

Grand Total: 331 creatures vanquished

Notes
Turn   | Place    | Note
-------+----------+-------------------------------------------
     0 | D:1      | Newt the Demonspawn Gladiator began the quest for the Orb.
     0 | D:1      | Reached XP level 1. HP: 16/16 MP: 1/1
   241 | D:1      | Discovered your monstrous ancestry.
   241 | D:1      | Gained mutation: You have a pair of small antennae on your
                  | head. [demonic ancestry]
   241 | D:1      | Reached XP level 2. HP: 20/23 MP: 2/2
   656 | D:1      | Found a faded altar of an unknown god.
   935 | D:1      | Prayed at the altar of an unknown god.
   935 | D:1      | Became a worshipper of Jiyva Jothramm the Shapeless
   935 | D:1      | Reached * piety under Jiyva
  1035 | D:2      | Reached XP level 3. HP: 28/29 MP: 3/3
  1100 | D:2      | Learned a level 2 spell: Wereblood
  1109 | D:2      | Reached ** piety under Jiyva
  1777 | D:3      | Found a stormy altar of Qazlal.
  1786 | D:3      | Reached *** piety under Jiyva
  1800 | D:3      | Reached XP level 4. HP: 38/38 MP: 4/4
  1819 | D:3      | Gained mutation: You expend magic power (3 MP) to
                  | strengthen your wands. [Jiyva's grace]
  1819 | D:3      | Gained mutation: Your rubbery body absorbs attacks. (AC +1,
                  | EV +1) [Jiyva's grace]
  1819 | D:3      | Gained mutation: Your pliable body absorbs attacks. (AC +2,
                  | EV +2) [Jiyva's grace]
  1819 | D:3      | Gained mutation: Your gelatinous body deflects attacks. (AC
                  | +3, EV +3) [Jiyva's grace]
  2426 | D:4      | Reached **** piety under Jiyva
  2471 | D:4      | Reached skill level 5 in Fighting
  2508 | D:4      | Reached skill level 1 in Armour
  2508 | D:4      | Gained mutation: You may rarely emit foul miasma when
                  | damaged in melee. [demonic ancestry]
  2508 | D:4      | Reached XP level 5. HP: 44/44 MP: 5/5
  2572 | D:4      | Reached skill level 1 in Spellcasting
  2572 | D:4      | Reached skill level 1 in Transmutations
  2801 | D:4      | Reached ***** piety under Jiyva
  2821 | D:4      | Found a transporter.
  2822 | D:4      | Found a transporter.
  2999 | D:4      | Noticed a phantom
  3007 | D:4      | Killed a phantom
  3008 | D:4      | Gained mutation: You have a small tail. [demonic ancestry]
  3008 | D:4      | Reached XP level 6. HP: 47/51 MP: 6/9
  3334 | D:5      | Entered Level 5 of the Dungeon
  3419 | D:5      | Gained mutation: You have acidic saliva. [Jiyva's grace]
  3419 | D:5      | Gained mutation: You are partially covered in large bone
                  | plates. (SH +4) [Jiyva's grace]
  3419 | D:5      | Gained mutation: You are mostly covered in large bone
                  | plates. (SH +6) [Jiyva's grace]
  3419 | D:5      | Gained mutation: You are completely covered in large bone
                  | plates. (SH +8) [Jiyva's grace]
  3698 | D:5      | Found a burning altar of Makhleb.
  3703 | D:5      | Reached XP level 7. HP: 56/56 MP: 10/12
  3804 | D:5      | Found an opulent altar of Gozag.
  4006 | D:5      | Found a glowing drain.
  4024 | Sewer    | Entered a sewer
  4399 | D:6      | Gained mutation: You have a pair of antennae on your head.
                  | [demonic ancestry]
  4399 | D:6      | Reached XP level 8. HP: 62/62 MP: 15/15
  4444 | D:6      | Reached skill level 5 in Spellcasting
  4444 | D:6      | Reached skill level 5 in Transmutations
  4461 | D:6      | Found a shadowy altar of Dithmenos.
  4741 | D:6      | Lost mutation: Your gelatinous body deflects attacks. (AC
                  | +3, EV +3) [Jiyva's grace]
  4741 | D:6      | Lost mutation: You expend magic power (3 MP) to strengthen
                  | your wands. [Jiyva's grace]
  4741 | D:6      | Gained mutation: You are somewhat resistant to further
                  | mutation. [Jiyva's grace]
  4741 | D:6      | Gained mutation: You are somewhat resistant to both further
                  | mutation and mutation removal. [Jiyva's grace]
  4741 | D:6      | Gained mutation: You are almost entirely resistant to
                  | further mutation and mutation removal. [Jiyva's grace]
  4741 | D:6      | Gained mutation: Your muscles are strong. (Str +4, Int/Dex
                  | -1) [Jiyva's grace]
  4959 | D:6      | Reached ****** piety under Jiyva
  5214 | D:7      | Reached skill level 1 in Evocations
  5241 | D:7      | Noticed Prince Ribbit
  5247 | D:7      | Killed Prince Ribbit
  5248 | D:7      | Reached skill level 5 in Evocations
  5248 | D:7      | Reached XP level 9. HP: 42/68 MP: 18/18
  5290 | D:7      | Found a staircase to the Ecumenical Temple.
  5333 | D:7      | Reached skill level 1 in Axes
  5453 | D:7      | Found a sand-covered staircase.
  5460 | Ossuary  | Entered an ossuary
  5619 | D:7      | Identified a scroll of acquirement
  5619 | D:7      | Acquired the +11 war axe of the Toothy God {protect, rN++}
  5762 | D:7      | Found a basalt altar of Yredelemnul.
  6067 | D:8      | Found Ahomis's Antique Weapon Emporium.
  6071 | D:8      | Noticed Joseph
  6073 | D:8      | Reached skill level 5 in Axes
  6084 | D:8      | Killed Joseph
  6276 | D:8      | Lost mutation: You are almost entirely resistant to further
                  | mutation and mutation removal. [Jiyva's grace]
  6276 | D:8      | Lost mutation: You are somewhat resistant to both further
                  | mutation and mutation removal. [Jiyva's grace]
  6276 | D:8      | Lost mutation: Your muscles are strong. (Str +4, Int/Dex
                  | -1) [Jiyva's grace]
  6276 | D:8      | Gained mutation: You are covered in slimy tendrils that may
                  | disarm your opponents. [Jiyva's grace]
  6276 | D:8      | Gained mutation: Your mind is acute. (Int +4, Str/Dex -1)
                  | [Jiyva's grace]
  6276 | D:8      | Gained mutation: Your mind is very acute. (Int +8, Str/Dex
                  | -2) [Jiyva's grace]
  6276 | D:8      | Gained mutation: You are robust. (+10% HP) [Jiyva's grace]
  6361 | D:8      | Gained mutation: You have large cloven feet. [demonic
                  | ancestry]
  6361 | D:8      | Reached XP level 10. HP: 81/81 MP: 19/19
  6361 | D:8      | Noticed a two-headed ogre
  6369 | D:8      | Killed a two-headed ogre
  6440 | D:8      | Noticed Gastronok
  6451 | D:8      | Killed Gastronok
  6832 | D:9      | Noticed Pikel
  6834 | D:9      | Reached skill level 10 in Axes
  6840 | D:9      | Killed Pikel
  6888 | D:9      | Noticed a two-headed ogre
  6894 | D:9      | Killed a two-headed ogre
  6895 | D:9      | Gained mutation: A weak demonic guardian rushes to your
                  | aid. [demonic ancestry]
  6895 | D:9      | Reached XP level 11. HP: 61/92 MP: 20/20
  6918 | D:9      | Noticed Grum
  6930 | D:9      | Killed Grum
  7052 | D:9      | Found a snail-covered altar of Cheibriados.
  7117 | D:9      | Identified the +0 plate armour of Submission {Int+2}
  7142 | D:9      | Found a staircase to the Orcish Mines.
  7171 | D:9      | Identified the +0 short sword of Resourcefulness {chaos,
                  | *Rage rF+++ Str+2 Int-5}
  7212 | D:9      | Found an ornate altar of the Wu Jian Council.
  7269 | D:10     | Entered Level 10 of the Dungeon
  7811 | D:10     | Noticed a two-headed ogre
  7815 | D:10     | Killed a two-headed ogre
  7816 | D:10     | Reached skill level 10 in Fighting
  7836 | D:10     | Noticed a two-headed ogre
  7843 | D:10     | Killed a two-headed ogre
  7983 | D:11     | Lost mutation: You are completely covered in large bone
                  | plates. (SH +8) [Jiyva's grace]
  7983 | D:11     | Lost mutation: You are mostly covered in large bone plates.
                  | (SH +6) [Jiyva's grace]
  7983 | D:11     | Lost mutation: Your mind is very acute. (Int +8, Str/Dex
                  | -2) [Jiyva's grace]
  7983 | D:11     | Lost mutation: Your mind is acute. (Int +4, Str/Dex -1)
                  | [Jiyva's grace]
  7983 | D:11     | Lost mutation: You have acidic saliva. [Jiyva's grace]
  7983 | D:11     | Lost mutation: You are covered in slimy tendrils that may
                  | disarm your opponents. [Jiyva's grace]
  7983 | D:11     | Gained mutation: You possess an exceptional clarity of
                  | mind. [Jiyva's grace]
  7983 | D:11     | Gained mutation: Your flesh is cold resistant. (rC+)
                  | [Jiyva's grace]
  7983 | D:11     | Gained mutation: Your flesh is very cold resistant. (rC++)
                  | [Jiyva's grace]
  7983 | D:11     | Gained mutation: Your flesh is almost immune to the effects
                  | of cold. (rC+++) [Jiyva's grace]
  8004 | D:11     | Noticed a two-headed ogre
  8008 | D:11     | Killed a two-headed ogre
  8009 | D:11     | Reached skill level 5 in Armour
  8138 | D:11     | Found a staircase to the Lair.
  8390 | D:12     | Noticed a cyan ugly thing
  8402 | D:12     | Slain by a cyan ugly thing

Illustrated notes

Levels and vault maps discovered:
D:1:      dpeg_arrival_circle_labyrinth_c, layout_rooms,
          hellmonk_ecumenical_altar_inner_sanctum, minmay_misc_feat_cross,
          minmay_bisected
D:2:      layout_rooms, minmay_tromino_mix6
D:3:      layout_basic, nicolae_qazlal_scattered_showers, minmay_misc_feat_tiny,
          chequers_mini_garden, serial_bayou_ford_a, wad_orctagon
D:4:      layout_basic, serial_forest, infiniplex_forest_corner_1,
          infiniplex_forest_diagonal, infiniplex_forest_straight_4,
          infiniplex_forest_straight_3, infiniplex_forest_lined_1,
          infiniplex_forest_zigzag_2, infiniplex_forest_straight_3,
          infiniplex_forest_clump_small, infiniplex_forest_clump_curved,
          gammafunk_ghost_gnarly_gnolls
D:5:      layout_loops_ring, kennysheep_mini, makhleb_heckhound_becter,
          portal_sewer_entry_d, moated_statue, grunt_ministairs_11,
          minmay_misc_feat_square
D:6:      layout_cave_pods, grunt_dithmenos_shadows
D:7:      lemuel_ratsnest, layout_cave_pools, overflow_temple_1_default,
          lemuel_tele_altar, minmay_temple_entry_statues_pillars,
          chequers_ossuary_entry_cave, uniq_prince_ribbit1
D:8:      layout_basic, mainiacjoe_overflow_catwalk, nicolae_stop_n_shop_2,
          uniq_gastronok, uniq_joseph
D:9:      layout_rooms, kennysheep_little_box, lemuel_crystal_altar, uniq_grum,
          uniq_pikel
D:10:     layout_loops_cross
D:11:     layout_rooms, lair_entry_dummy
D:12:     layout_grid_maze

Skill      XL: |  1  2  3  4  5  6  7  8  9 10 11 |
---------------+----------------------------------+-----
Fighting       | 3 4 5 7 10 | 10.0
Armour         | 1 6 |  6.6
Spellcasting   | 2 3 4 6 |  6.1
Transmutations | 1 3 4 6 |  6.1
Evocations     | 5 |  5.0
Axes           | 7 10 | 10.0
Short Blades   | |  2.6
Throwing       | |  1.7
Dodging        | |  2.6

Action                     |  1- 3 |  4- 6 |  7- 9 | 10-12 || total
---------------------------+-------+-------+-------+-------++-------
  Melee: Rapier            |   178 |    13 |       |       ||   191
         Punch             |     2 |     3 |       |     3 ||     8
         Short sword       |       |    82 |   138 |       ||   220
         Tailslap          |       |     8 |    35 |    26 ||    69
         Bite              |       |     4 |    26 |    17 ||    47
         War axe           |       |       |   114 |   204 ||   318
         Kick              |       |       |       |    50 ||    50
   Cast: Wereblood         |       |       |     6 |     7 ||    13
 Invoke: Slimify           |       |       |     1 |       ||     1
    Use: Scroll            |     5 |     2 |     7 |     1 ||    15
         Potion            |       |       |       |     1 ||     1
   Stab: Sleeping          |     2 |       |       |       ||     2
         Distracted        |       |       |       |     1 ||     1
 Armour: Leather armour    |    65 |    11 |    39 |       ||   115
         Steam dragon scal |       |       |     8 |    33 ||    41
         Troll leather arm |       |       |       |    24 ||    24
         Plate armour      |       |       |       |     8 ||     8
  Dodge: Dodged            |   148 |    41 |   156 |   124 ||   469
  Block: Other             |       |    10 |   128 |    66 ||   204

Table legend: (Time is in decaauts)
 A = Elapsed time spent in this place.
 B = Non-inter-level travel time spent in this place.
 C = Inter-level travel time spent in this place.
 D = Time resting spent in this place.
 E = Time spent auto-exploring this place.
 F = Levels seen in this place.
 G = Mean time per level.
                   A        B        C        D        E       F      G
               +--------+--------+--------+--------+--------+-----+--------+
         Total |   8465 |   7992 |    473 |     33 |   6343 |  14 |  604.6 |
       Dungeon |   8162 |   7689 |    473 |     33 |   6171 |  12 |  680.2 |
         Sewer |    136 |    136 |      0 |      0 |     78 |   1 |  136.0 |
       Ossuary |    166 |    166 |      0 |      0 |     94 |   1 |  166.0 |
               +--------+--------+--------+--------+--------+-----+--------+

Top non-repeatable levels by time:
     D:1: 979 daAuts
     D:4: 964 daAuts
     D:3: 962 daAuts
     D:6: 909 daAuts
     D:5: 837 daAuts
     D:8: 766 daAuts
     D:7: 722 daAuts
    D:10: 713 daAuts
     D:9: 443 daAuts
     D:2: 443 daAuts
    D:11: 385 daAuts
 Ossuary: 166 daAuts
   Sewer: 136 daAuts
    D:12: 34 daAuts
